 Dungeon Crawl Stone Soup version 0.30-a0-672-gc3a7216ad8 (webtiles) character file.

Game seed: 6727258684925484274

7927 wormed the Transmogrifier (level 11, -2/46 HPs)
             Began as a Felid Chaos Knight on Jan 18, 2023.
             Was an Initiate of Gozag.
             Killed from afar by a lindwurm (48 damage)
             ... with a blast of flame
             ... on level 2 of the Lair of Beasts.
             The game lasted 00:40:18 (14127 turns).

wormed the Transmogrifier (Felid Chaos Knight)     Turns: 14127, Time: 00:40:19

Health: -2/46      AC:  2    Str:  8    XL:     11   Next: 3%
Magic:  28/33      EV: 19    Int: 13    God:    Gozag
Gold:   721        SH:  0    Dex: 15    Spells: 14/26 levels left
                                        Lives:  0   Deaths: 3

rFire   x . .      SeeInvis +      - Unarmed
rCold   . . .      Faith    .    (shield unavailable)
rNeg    . . .      Spirit   .    (body armour unavailable)
rPois   +          Reflect  .    (helmet unavailable)
rElec   .          Harm     .    (cloak unavailable)
rCorr   .          Rampage  .    (gloves unavailable)
Will    +....                    (boots unavailable)
Stlth   +++                      b - amulet of magic regeneration
HPRegen 0.27/turn                s - ring of magical power
MPRegen 0.63/turn                l - ring of poison resistance

@: quick
A: very small, claws 1, fangs 3, see invisible, speed 1, shaggy fur 2, stealthy
paws, no weapons or thrown items, no armour, multi-lived, antennae 1, clumsy 1,
dopey 2, heat vulnerability 1, inability to drink after injury 1, inability to
read after injury 2
a: Renounce Religion, Potion Petition, Call Merchant, Bribe Branch


You were on level 2 of the Lair of Beasts.
You worshipped Gozag.
Gozag was pleased with you.
You visited 3 branches of the dungeon, and saw 14 of its levels.

You collected 2488 gold pieces.
You spent 1056 gold pieces at shops.
You paid 711 gold pieces to Gozag.

Inventory:

Jewellery
 a - a ring of ice
 b - an amulet of magic regeneration (around neck)
 g - a ring of willpower
 j - a ring of flight
 l - a ring of poison resistance (right paw)
 n - a +6 ring of strength
 p - an amulet of guardian spirit
 q - a +6 ring of strength
 s - a ring of magical power (left paw)
Wands
 k - a wand of mindburst (5) (quivered)
 w - a wand of roots (4)
 x - a wand of polymorph (9)
 y - a wand of charming (7)
Scrolls
 d - a scroll of fog
 r - a scroll of identify
 z - 2 scrolls of teleportation
Potions
 c - a potion of cancellation
 e - 3 potions of attraction
 f - a potion of magic {unknown}
 h - 5 potions of curing
 i - 3 potions of haste
 m - 4 potions of might
 o - a potion of ambrosia
 t - a potion of brilliance
 u - 3 potions of berserk rage {unknown}
 v - 3 potions of flight {unknown}


   Skills:
 - Level 4.9 Fighting
 - Level 6.0 Dodging
 - Level 5.0 Stealth
 - Level 4.9 Unarmed Combat
 - Level 8.0 Spellcasting
 - Level 4.0 Conjurations
 + Level 9.4 Transmutations
 - Level 4.0 Fire Magic
 + Level 5.9 Air Magic
 - Level 8.0 Poison Magic


You had 14 spell levels left.
You knew the following spells:

 Your Spells              Type           Power      Damage    Failure   Level
a - Poisonous Vapours     Pois/Air       46%        N/A       1%          2
b - Olgreb's Toxic Radia  Pois           26%        N/A       4%          4
c - Mephitic Cloud        Conj/Pois/Air  20%        N/A       3%          3
d - Ignite Poison         Fire/Tmut/Pois 23%        N/A       2%          3

Your spell library contained the following spells:

 Spells                   Type           Power      Damage    Failure   Level
 Sting                    Tmut/Pois      100%       1d8       1%          1
 Wereblood                Tmut           29%        N/A       1%          2
 Cigotuvi's Dreadful Rot  Necr/Pois/Air  34%        N/A       3%          2
 Scorch                   Fire           30%        2d7       4%          2
 Kindle Blastsparks       Fire/Tloc/Air  26%        2d12      11%         3
 Airstrike                Air            10%        2d(2-18)  12%         4
 Sublimation of Blood     Necr           5%         N/A       21%         2
 Petrify                  Tmut/Erth      17%        N/A       21%         4
 Flame Wave               Conj/Fire      15%        2d7       26%         4
 Summon Lightning Spire   Summ/Air       12%        N/A       38%         4
 Lightning Bolt           Conj/Air       9%         1d21      45%         5
 Dispel Undead            Necr           5%         3d7       80%         4
 Statue Form              Tmut/Erth      11%        N/A       97%         6
 Metabolic Englaciation   Hex/Ice        2%         N/A       98%         5
 Storm Form               Tmut/Air       12%        N/A       99%         7
 Death Channel            Necr           2%         N/A       100%        6
 Summon Cactus Giant      Summ           2%         N/A       100%        6
 Summon Hydra             Summ           2%         N/A       100%        7
 Maxwell's Capacitive Co  Air            10%        ∞         100%        8


Dungeon Overview and Level Annotations

Branches:
Dungeon (11/15)            Temple (1/1) D:4            Lair (2/5) D:11
 Spider (0/4) Lair:2          Orc (0/2) D:11
  Swamp: Lair:2-3    Shoals: Lair:2-3

Altars:
Ashenzari
Cheibriados
Dithmenos
Elyvilon
Fedhas
Gozag
Hepliaklqana
Kikubaaqudgha
Makhleb
Nemelex Xobeh
Okawaru
Qazlal
Ru
Sif Muna
Trog
Uskayaw
Vehumet
Wu Jian
Xom
Yredelemnul
Zin
The Shining One

Shops:
D:1 :*   D:5 =   D:10 :(

Annotations:
D:4 2 runed translucent doors, acebull12's ghost, novice FoFi
D:5 1 runed translucent door, qeuew's ghost, novice FoFi


Innate Abilities, Weirdness & Mutations

You have sharp claws.
You have razor-sharp teeth.
You have supernaturally acute eyesight. (SInv)
You cover ground quickly. (Speed+)
You are covered in thick fur. (AC +2)
Your paws help you pounce on unaware monsters.
You are incapable of wielding weapons or throwing items.
You cannot wear armour.
You gain extra lives every three experience levels.
You have a pair of small antennae on your head.
You are clumsy. (Dex -2)
You are very dopey. (Int -4)
You are vulnerable to heat. (rF-)
You occasionally lose the ability to drink potions when taking damage.
You sometimes lose the ability to read scrolls when taking damage.


Message History

Poisonous vapours surround the basilisk!
The basilisk looks as sick as possible!
The basilisk gazes at you. You resist with almost no effort.
Casting: Poisonous Vapours (safe; 1% risk of failure)
Confirm with . or Enter, or press ? or * to list all spells.
You ignite the poison in your surroundings!
The basilisk seems to burn from within!!!
You kill the basilisk!
Found a stone staircase leading down.
You now have enough gold to buy a +8 ring of intelligence on D:5.
You can access your shopping list by pressing '$'.
You now have 721 gold pieces (gained 8).
A lindwurm comes into view.
A lindwurm is nearby!
Casting: Ignite Poison (dangerous; 2% risk of failure)
Confirm with . or Enter, or press ? or * to list all spells.
Aiming: Poisonous Vapours (safe; 1% risk of failure)
Press: ? - help, Dir - move target, f - lindwurm
Aim: a lindwurm (asleep) Poisonous vapours surround the lindwurm!
The lindwurm is poisoned.
The lindwurm roars!
Casting: Poisonous Vapours (safe; 1% risk of failure)
Confirm with . or Enter, or press ? or * to list all spells.
Aiming: Poisonous Vapours (safe; 1% risk of failure)
Press: ? - help, Dir - move target, f/p - lindwurm
Aim: a lindwurm (very poisoned) Poisonous vapours surround the lindwurm!
The lindwurm looks even sicker.
Casting: Poisonous Vapours (safe; 1% risk of failure)
Confirm with . or Enter, or press ? or * to list all spells.
You ignite the poison in your surroundings!
The lindwurm seems to burn from within!!
The lindwurm is severely wounded.
The lindwurm breathes flames at you. The blast of flame hits you!!!
The fire burns you terribly!
Ouch! That really hurt!
You die...
Your body crumbles into a pile of gold.

..###.#...#..##### .8
#.###.#.>##..### ...
+.###.#.#)#..#.# #...
##..#..###..#.##
....##..##.......#.#
#.#....>..##.#.##.####
.+..........###...#..###
..........#.####..<....#
#k....@.P##########..P#
#.......## .##
#$.$.....# .. #?......##
. #.......>. ####..#####
###


You could see a lindwurm (catching breath).

Vanquished Creatures
  Gastronok (Lair:1)
  A two-headed ogre (D:8)
  Pikel (D:7)
  A manticore (D:11)
  A black mamba (Lair:1)
  2 cane toads (Lair:1)
  An unseen horror (D:11)
  2 kobold demonologists (D:11)
  A meliai (Lair:2)
  A hornet (D:9)
  4 wyverns
  A spriggan (D:9)
  A wraith (D:11)
  A vampire (D:11)
  3 basilisks
  4 vampire mosquitoes
  Grum (Lair:1)
  6 yaks
  3 steam dragons
  An acid dragon (D:9)
  5 water moccasins
  3 ice beasts
  A sky beast (D:7)
  4 orc warriors
  5 black bears
  An ogre (D:5)
  4 wolves (Lair:1)
  2 lemures (D:7)
  2 centaurs
  A phantom (D:6)
  6 kobold brigands
  2 bullfrogs
  14 wights
  11 killer bees
  3 electric eels (D:10)
  A howler monkey (D:6)
  3 gnoll boudas
  11 orc priests
  3 hounds
  5 iguanas
  16 orc wizards
  Ijyb (D:4)
  4 hell rats (Lair:1)
  12 gnolls
  7 adders
  A shadow imp (D:7)
  2 white imps (D:7)
  4 worms
  5 dart slugs
  50 orcs
  7 bats
  13 endoplasms
  A giant cockroach (D:4)
  13 hobgoblins
  4 quokkas
  13 ball pythons
  4 frilled lizards
  4 goblins
  16 kobolds
  4 rats
305 creatures vanquished.

Vanquished Creatures (collateral kills)
  An ogre (D:4)
  3 orcs (D:3)
4 creatures vanquished.

Vanquished Creatures (others)
  2 wights (D:4)
  5 fungi
  5 plants
12 creatures vanquished.

Grand Total: 321 creatures vanquished

Notes
Turn   | Place    | Note
-------+----------+-------------------------------------------
     0 | D:1      | wormed the Felid Chaos Knight began the quest for the Orb.
     0 | D:1      | Reached XP level 1. HP: 10/10 MP: 2/2
   152 | D:1      | Reached XP level 2. HP: 6/14 MP: 3/3
   210 | D:1      | XOM: divination: magic mapping
   225 | D:1      | Found Ifidd's General Store.
   230 | D:1      | XOM: draining
   325 | D:1      | XOM: give mutations
   325 | D:1      | Gained mutation: You are robust. (+10% HP) [Xom's mischief]
   325 | D:1      | Gained mutation: You are weak. (Str -2) [Xom's mischief]
   325 | D:1      | Lost mutation: You are robust. (+10% HP) [Xom's mischief]
   370 | D:1      | Found Wesev's Book Boutique.
   496 | D:1      | XOM: butterfly on damage
   506 | D:1      | XOM: draining
   650 | D:1      | XOM: give mutations
   650 | D:1      | Gained mutation: You occasionally shout uncontrollably at
                  | your foes. [Xom's mischief]
   650 | D:1      | Lost mutation: You are weak. (Str -2) [Xom's mischief]
   743 | D:1      | Found a faded altar of an unknown god.
   815 | D:1      | XOM: give mutations
   815 | D:1      | Gained mutation: You are robust. (+10% HP) [Xom's grace]
   815 | D:1      | Gained mutation: Your flesh is heat resistant. (rF+) [Xom's
                  | grace]
   834 | D:1      | XOM: god gift: scroll labelled KOG WUVAIGOSMA {god gift}
   937 | D:2      | XOM: butterfly on damage
   941 | D:2      | Reached XP level 3. HP: 8/16 MP: 4/4
  1086 | D:2      | XOM: give mutations
  1086 | D:2      | Gained mutation: Your natural rate of healing is unusually
                  | fast. [Xom's mischief]
  1086 | D:2      | Lost mutation: You are robust. (+10% HP) [Xom's mischief]
  1180 | D:2      | Reached skill level 1 in Transmutations
  1206 | D:2      | Reached skill level 1 in Poison Magic
  1219 | D:2      | Got the Volume of the Fiery Black Widow
  1244 | D:2      | XOM: smoke on damage
  1310 | D:2      | XOM: 2-stop teleportation journey
  1537 | D:3      | Reached XP level 4. HP: 21/21 MP: 6/6
  1648 | D:3      | XOM: chaos upgrade
  1660 | D:3      | XOM: summons 4 friendly demons
  1664 | D:3      | Reached skill level 1 in Spellcasting
  1667 | D:3      | XOM: 2-stop teleportation journey
  1691 | D:3      | Reached skill level 2 in Transmutations
  1891 | D:3      | XOM is BORED!
  1891 | D:3      | XOM: give mutation
  1891 | D:3      | Gained mutation: You are dopey. (Int -2) [Xom's mischief]
  1934 | D:3      | XOM: butterfly on damage
  1936 | D:3      | XOM: potion effect (might)
  1938 | D:3      | Reached XP level 5. HP: 10/24 MP: 7/7
  2437 | D:3      | Reached skill level 3 in Transmutations
  2580 | D:4      | XOM: give mutation
  2580 | D:4      | Gained mutation: You are weak. (Str -2) [Xom's mischief]
  2582 | D:4      | XOM: polymorph dart slug -> bat
  2605 | D:4      | Noticed Ijyb
  2668 | D:4      | Noticed an ogre
  2943 | D:4      | Killed Ijyb
  3001 | D:4      | XOM: summons friendly ufetubus
  3012 | D:4      | Killed an ogre
  3013 | D:4      | Gained mutation: You are covered in thick fur. (AC +2)
                  | [Felid growth]
  3013 | D:4      | Reached XP level 6. HP: 28/28 MP: 8/10
  3053 | D:4      | Found a runed translucent door.
  3058 | D:4      | Noticed acebull12's ghost (novice FoFi)
  3076 | D:4      | Found a staircase to the Ecumenical Temple.
  3083 | D:4      | Found a runed translucent door.
  3138 | Temple   | Entered the Ecumenical Temple
  3421 | Temple   | Fell from the grace of Xom
  3421 | Temple   | Became a worshipper of Gozag Ym Sagoz the Greedy
  3531 | D:4      | Slain by a wight
  3532 | D:4      | Reached XP level 5. HP: 0/21 MP: 9/9
  3746 | D:5      | Entered Level 5 of the Dungeon
  3774 | D:5      | Found an iron altar of Okawaru.
  3783 | D:5      | Noticed an ogre
  3886 | D:4      | Reached skill level 4 in Transmutations
  3944 | D:4      | HP: 1/24 [kobold brigand/+0 short sword (5)]
  3956 | D:4      | Reached XP level 6. HP: 28/28 MP: 10/10
  4077 | D:1      | XOM: summons 9 hostile demons
  4078 | D:1      | Noticed an orange demon
  4078 | D:1      | Noticed a ynoxinul
  4078 | D:1      | Noticed a ynoxinul
  4175 | D:2      | XOM: give mutations
  4175 | D:2      | Gained mutation: You are frail. (-10% HP) [Xom's mischief]
  4175 | D:2      | Gained mutation: You occasionally lose the ability to read
                  | scrolls when taking damage. [Xom's mischief]
  4175 | D:2      | Lost mutation: You are frail. (-10% HP) [Xom's mischief]
  4175 | D:2      | Gained mutation: You are very dopey. (Int -4) [Xom's
                  | mischief]
  4218 | D:1      | Bought a Young Poisoner's Handbook for 220 gold pieces
  4221 | D:1      | Learned a level 2 spell: Poisonous Vapours
  4226 | D:1      | Learned a level 4 spell: Olgreb's Toxic Radiance
  4230 | D:1      | Learned a level 3 spell: Ignite Poison
  4588 | D:4      | XOM: noise
  4628 | D:5      | Reached skill level 1 in Fire Magic
  4660 | D:5      | Reached skill level 5 in Transmutations
  4660 | D:5      | Reached XP level 7. HP: 31/31 MP: 2/12
  4929 | D:5      | Found Bourauco's One-of-a-Kind Rings.
  5272 | D:5      | Found a broken altar of Ashenzari.
  5371 | D:5      | Found a runed translucent door.
  5372 | D:5      | Noticed qeuew's ghost (novice FoFi)
  5424 | D:5      | Found a hide-covered altar of Uskayaw.
  5425 | D:5      | Found a hazy altar of Hepliaklqana.
  5902 | D:6      | Reached skill level 6 in Transmutations
  6053 | D:6      | Found a shimmering altar of Xom.
  6081 | D:6      | Reached skill level 5 in Poison Magic
  6081 | D:6      | Reached XP level 8. HP: 34/34 MP: 12/14
  6285 | D:1      | Bought a book of Vapours for 220 gold pieces
  6289 | D:1      | Learned a level 3 spell: Mephitic Cloud
  6528 | D:6      | Found a bloodstained altar of Trog.
  6733 | D:6      | Reached skill level 7 in Transmutations
  7057 | D:7      | XOM: give mutation
  7057 | D:7      | Gained mutation: You are partially covered in large bone
                  | plates. (SH +4) [Xom's grace]
  7285 | D:7      | XOM: give mutations
  7285 | D:7      | Lost mutation: Your flesh is heat resistant. (rF+) [Xom's
                  | mischief]
  7285 | D:7      | Lost mutation: You occasionally shout uncontrollably at
                  | your foes. [Xom's mischief]
  7285 | D:7      | Lost mutation: You are weak. (Str -2) [Xom's mischief]
  7285 | D:7      | Gained mutation: You sometimes lose the ability to read
                  | scrolls when taking damage. [Xom's mischief]
  7451 | D:7      | Noticed Pikel
  7599 | D:7      | Reached skill level 1 in Air Magic
  7599 | D:7      | Reached XP level 9. HP: 38/38 MP: 16/16
  7662 | D:7      | Killed Pikel
  7917 | D:8      | Noticed a two-headed ogre
  7930 | D:7      | Reached skill level 8 in Transmutations
  7975 | D:8      | Found an ornate altar of the Wu Jian Council.
  7992 | D:8      | Killed a two-headed ogre
  7993 | D:8      | Reached skill level 5 in Spellcasting
  8222 | D:8      | Reached XP level 10. HP: 42/42 MP: 19/19
  8734 | D:8      | XOM: cloud trail
  8981 | D:9      | Reached skill level 1 in Conjurations
  9324 | D:9      | Found a sacrificial altar of Ru.
  9734 | D:9      | XOM: god gift: arbalest {god gift}
  9774 | D:9      | Reached skill level 1 in Stealth
  9955 | D:9      | Lost mutation: You are partially covered in large bone
                  | plates. (SH +4) [potion of mutation]
  9955 | D:9      | Lost mutation: Your natural rate of healing is unusually
                  | fast. [potion of mutation]
  9955 | D:9      | Gained mutation: You are vulnerable to heat. (rF-) [potion
                  | of mutation]
  9955 | D:9      | Gained mutation: You have a pair of small antennae on your
                  | head. [potion of mutation]
 10011 | D:10     | Entered Level 10 of the Dungeon
 10331 | D:10     | Found a burning altar of Makhleb.
 10425 | D:10     | Found Ydeick's Weapon Emporium.
 10643 | D:10     | XOM: scenery: create altars
 10798 | D:10     | You fall into a shaft and drop 1 floor!
 10867 | D:11     | Found a staircase to the Lair.
 10867 | D:11     | XOM: 3-stop teleportation journey
 10873 | D:11     | Found a shimmering altar of Xom.
 10933 | D:11     | XOM: give mutations
 10933 | D:11     | Gained mutation: You occasionally lose the ability to drink
                  | potions when taking damage. [Xom's mischief]
 10933 | D:11     | Gained mutation: You are clumsy. (Dex -2) [Xom's mischief]
 10949 | D:11     | Noticed a centaur warrior
 10952 | D:11     | Shot with an arrow by a centaur warrior
 10953 | D:11     | Reached XP level 9. HP: -1/39 MP: 18/28
 10970 | D:11     | Reached skill level 5 in Dodging
 10976 | D:11     | Reached XP level 10. HP: 43/43 MP: 19/20
 11068 | D:11     | Noticed a manticore
 11087 | D:11     | Killed a manticore
 11102 | D:11     | Shot with an arrow by a centaur warrior
 11103 | D:11     | Reached XP level 9. HP: -18/39 MP: 18/29
 11151 | D:11     | Noticed a kobold demonologist
 11154 | D:11     | Noticed a kobold demonologist
 11157 | D:11     | Killed a kobold demonologist
 11158 | D:11     | Killed a kobold demonologist
 11434 | D:11     | Reached skill level 5 in Stealth
 11828 | D:10     | Identified the +7 flail of Dim Light {freeze, Int+2}
 11957 | D:10     | Identified the +3 ring mail "Ehoaczab" {Will+ Str+3 Dex+3}
 11966 | D:10     | Bought a book of the Sky for 616 gold pieces
 12060 | D:11     | Reached XP level 10. HP: 29/43 MP: 19/21
 12193 | D:11     | Found a staircase to the Orcish Mines.
 12655 | Lair:1   | Entered Level 1 of the Lair of Beasts
 12985 | Lair:1   | XOM: 1-stop teleportation journey
 13027 | Lair:1   | Noticed Grum
 13030 | Lair:1   | Killed Grum
 13107 | Lair:1   | XOM: stat loss: -2 Str (6/8)
 13199 | Lair:1   | Noticed a cane toad
 13207 | Lair:1   | Killed a cane toad
 13367 | Lair:1   | Noticed Gastronok
 13368 | Lair:1   | Noticed a black mamba
 13391 | Lair:1   | Killed a black mamba
 13445 | Lair:1   | Noticed a cane toad
 13449 | Lair:1   | Killed a cane toad
 13450 | Lair:1   | Reached skill level 5 in Air Magic
 13603 | Lair:1   | XOM: stat loss: -2 Str (5/8)
 14002 | Lair:1   | Killed Gastronok
 14003 | Lair:1   | Reached skill level 9 in Transmutations
 14052 | Lair:2   | Found a hole to the Spider Nest.
 14056 | Lair:2   | Reached XP level 11. HP: 46/46 MP: 23/24
 14124 | Lair:2   | Noticed a lindwurm
 14127 | Lair:2   | Killed from afar by a lindwurm

Illustrated notes

Levels and vault maps discovered:
D:1:      scummos_arrival_hexagon, layout_loops_ring, serial_shops, shop, shop,
          hellmonk_ecumenical_altar_leap_of_faith, serial_glass,
          glass_columns_b, glass_columns_a
D:2:      layout_basic
D:3:      layout_loops_ring
D:4:      minmay_chambers_of_fours, layout_rooms, minmay_temple_entry_grid,
          ebering_ghost_sewer_f, uniq_ijyb
D:5:      layout_rooms, mainiacjoe_overflow_24_doors, okawaru_metal_pillars_1_2,
          gammafunk_temple_overflow_statue, ebering_ghost_reflecting_pool,
          minmay_misc_feat_enclosed, minmay_misc_feat_pillars,
          nicolae_shop_unique_rings, uniq_crazy_yiuf_cottage
D:6:      layout_basic, mainiacjoe_overflow_boulevard,
          mainiacjoe_overflow_six_doors_small
D:7:      layout_loops_ring, uniq_pikel
D:8:      layout_rooms, nicolae_wu_jian_wuxing_cycle, serial_curves,
          eino_curves_03, eino_curves_01
D:9:      layout_cave_pods, mainiacjoe_overflow_surrounded_room, the_hattery
D:10:     nicolae_moon_pools, layout_basic, mainiacjoe_overflow_brackets,
          serial_shops, shop
D:11:     layout_loops_ring, david_lair_generic, hiddenorc2_lemuel,
          xom_teletrap_fun
Temple:   oiseaux_autumnal_temple
Lair:1:   layout_regular_city, beast_lair_carwin_3, uniq_gastronok, uniq_grum
Lair:2:   layout_roguey, hellmonk_spider_entry_not_the_bees, lemuel_fruit_tree,
          grunt_megastairs_1, uniq_fannar

Skill      XL: |  1  2  3  4  5  6  7  8  9 10 |
---------------+-------------------------------+-----
Transmutations | 1 2 4 5 6 7 8 9 |  9.4
Poison Magic   | 1 2 3 4 5 6 7 8 |  8.0
Spellcasting   | 1 2 3 4 7 8 |  8.0
Fire Magic     | 1 2 3 4 |  4.0
Air Magic      | 1 3 5 |  5.9
Conjurations   | 4 |  4.0
Stealth        | 5 4 |  5.0
Dodging        | 6 4 |  6.0
Fighting       | 4 |  4.9
Unarmed Combat | 4 |  4.9

Action                   |  1- 3 |  4- 6 |  7- 9 | 10-12 || total
-------------------------+-------+-------+-------+-------++-------
Melee: Unarmed           |   122 |   182 |    56 |    37 ||   397
       Bite              |    12 |    20 |     9 |     3 ||    44
       Punch             |     1 |     8 |     2 |     2 ||    13
 Cast: Poisonous Vapours |       |     9 |    97 |   101 ||   207
       Ignite Poison     |       |     1 |    68 |    85 ||   154
       Olgreb's Toxic Ra |       |       |    15 |    21 ||    36
       Mephitic Cloud    |       |       |    20 |    25 ||    45
Invok: Call Merchant     |       |       |     1 |       ||     1
Evoke: Wand              |       |     9 |     3 |    13 ||    25
  Use: Scroll            |       |    10 |    11 |     7 ||    28
       Potion            |       |     2 |     3 |     4 ||     9
 Stab: Sleeping          |     3 |     3 |       |       ||     6
       Distracted        |       |     1 |       |       ||     1
Armor: Skin              |     5 |     4 |    33 |    12 ||    54
Dodge: Dodged            |    88 |   151 |    66 |    50 ||   355
Block: Other             |       |       |     8 |     1 ||     9

Table legend: (Time is in decaauts)
 A = Elapsed time spent in this place.
 B = Non-inter-level travel time spent in this place.
 C = Inter-level travel time spent in this place.
 D = Time resting spent in this place.
 E = Time spent auto-exploring this place.
 F = Levels seen in this place.
 G = Mean time per level.
                   A        B        C        D        E       F      G
               +--------+--------+--------+--------+--------+-----+--------+
         Total |  12077 |  10614 |   1463 |    637 |   7270 |  14 |  862.6 |
       Dungeon |  10523 |   9227 |   1296 |    425 |   6270 |  11 |  956.6 |
        Temple |    259 |    212 |     47 |      0 |    200 |   1 |  259.0 |
          Lair |   1295 |   1177 |    118 |    212 |    799 |   2 |  647.5 |
               +--------+--------+--------+--------+--------+-----+--------+

Top non-repeatable levels by time:
    D:11: 1364 daAuts
  Lair:1: 1226 daAuts
     D:4: 1150 daAuts
     D:9: 1091 daAuts
     D:3: 1039 daAuts
     D:7: 1009 daAuts
    D:10: 926 daAuts
     D:1: 921 daAuts
     D:5: 921 daAuts
     D:2: 798 daAuts
     D:6: 784 daAuts
     D:8: 516 daAuts
  Temple: 259 daAuts
  Lair:2: 68 daAuts
